 Dungeon Crawl Stone Soup version 0.28-a0-1435-g82390b3a13 (webtiles) character file.

Game seed: 15257615707072245779

4001 porpoise the Fighter (level 10, 0/83 HPs)
             Began as a Demonspawn Brigand on Jan 10, 2022.
             Slain by a two-headed ogre (9 damage)
             ... on level 7 of the Dungeon.
             The game lasted 00:30:36 (10226 turns).

porpoise the Fighter (Demonspawn Brigand)          Turns: 10226, Time: 00:30:37

Health: 0/83       AC: 16    Str: 17    XL:     10   Next: 3%
Magic:  10/10      EV: 13    Int: 14    God:
Gold:   404        SH:  9    Dex: 14    Spells: 9/9 levels left

rFire   . . .      SeeInvis .   a - +5 spear
rCold   . . .      Faith    .   (no shield)
rNeg    . . .      Spirit   .   k - +3 ring mail {rPois}
rPois   +          Reflect  +   l - +0 helmet
rElec   .          Harm     .   c - +0 cloak
rCorr   .          Rampage  .   (no gloves)
Will    .....                   (no boots)
Stlth   ++........              K - amulet of reflection
HPRegen 0.23/turn               o - +4 ring of protection
MPRegen 0.24/turn               (no ring)

@: no status effects
A: hooves 1, large bone plates 1, spiny 1, magic regeneration, strong 1
a: no special abilities


You were on level 7 of the Dungeon.
You visited 2 branches of the dungeon, and saw 8 of its levels.
You also visited: Ossuary.

You collected 404 gold pieces.

Inventory:

Hand Weapons
 a - a +5 spear (weapon)
 b - a +1 hunting sling
 u - a +1 dagger of draining
 w - a +2 dagger of flaming
Missiles
 d - 24 poisoned darts (quivered)
 g - 326 stones
 h - 67 bolts
 p - 12 javelins
 r - a curare-tipped dart
 s - 23 sling bullets
 t - 78 arrows
Armour
 c - a +0 cloak (worn)
 k - a +3 ring mail of poison resistance (worn)
 l - a +0 helmet (worn)
 q - +0 swamp dragon scales
 I - a +0 troll leather armour
Jewellery
 o - a +4 ring of protection (left hand)
 x - an amulet of magic regeneration
 F - an amulet of guardian spirit
 K - an amulet of reflection (around neck)
Wands
 n - a wand of mindburst (7)
 G - a wand of digging (3)
Scrolls
 e - a scroll of enchant armour
 f - 4 scrolls of amnesia
 m - 4 scrolls of silence
 v - a scroll of enchant weapon
 y - a scroll of vulnerability
 C - 3 scrolls of noise
 D - a scroll of teleportation
 J - a scroll of magic mapping
Potions
 i - a potion of berserk rage {unknown}
 z - 3 potions of lignification
 A - 2 potions of might {unknown}
 B - 3 potions of flight
 E - a potion of resistance
 H - a potion of magic {unknown}


   Skills:
 * Level 9.1 Fighting
 - Level 4.0 Short Blades
 * Level 1.4(1.9) Slings
 - Level 1.7(2.0) Throwing
 - Level 7.0 Armour
 - Level 5.0 Dodging
 - Level 5.0 Stealth
 + Level 3.0 Evocations


You had 9 spell levels left.
You didn't know any spells.
Your spell library contained the following spells:

 Spells                   Type           Power      Damage    Failure   Level
 Mephitic Cloud           Conj/Pois/Air  0%         N/A       82%         3
 Spider Form              Tmut/Pois      0%         N/A       82%         3
 Lightning Bolt           Conj/Air       0%         1d11      100%        5
 Storm Form               Tmut/Air       0%         N/A       100%        7


Dungeon Overview and Level Annotations

Branches:
Dungeon (7/15)             Temple (1/1) D:5         Ossuary (visited)

Altars:
Ashenzari
Cheibriados
Dithmenos
Elyvilon
Fedhas
Gozag
Kikubaaqudgha
Makhleb
Okawaru
Qazlal
Ru
Trog
Uskayaw
Vehumet
Wu Jian
Xom
Zin

Shops:
D:6 !*


Innate Abilities, Weirdness & Mutations

You have large cloven feet.
You are partially covered in large bone plates. (SH +4)
You are partially covered in sharp spines.
You regenerate magic rapidly.
Your muscles are strong. (Str +2)


Message History

The orc wizard is almost dead.
You are engulfed in a cloud of scalding steam.
The orc wizard casts a spell at you.
You are confused.
You bump into the rock wall.
You are engulfed in a cloud of scalding steam.
The orc wizard points at you and mumbles some strange words.
You easily resist.
You bump into the rock wall.
You are engulfed in a cloud of scalding steam.
The orc wizard is struck by your spines.
You kill the orc wizard!
You bump into the rock wall.
The two-headed ogre is struck by your spines.
The two-headed ogre hits you but does no damage.
The two-headed ogre closely misses you.
You closely miss the two-headed ogre. You kick the two-headed ogre.
The two-headed ogre is lightly wounded.
The two-headed ogre is struck by your spines.
The two-headed ogre closely misses you.
The two-headed ogre hits you with a +0 giant club!!
You hit the two-headed ogre.
The two-headed ogre is moderately wounded.
The two-headed ogre is struck by your spines.
The two-headed ogre hits you with a +0 giant spiked club!!
The two-headed ogre hits you with a +0 giant club!!
* * * LOW HITPOINT WARNING * * *
You bump into the rock wall.
You feel less confused.
You feel better.
The two-headed ogre is struck by your spines.
The two-headed ogre hits you with a +0 giant spiked club!
* * * LOW HITPOINT WARNING * * *
The two-headed ogre hits you with a +0 giant club!
* * * LOW HITPOINT WARNING * * *
Unknown command.
Okay, then.
You feel better.
The two-headed ogre hits you with a +0 giant spiked club!
You die...

.##.#####).....## ####.###.#
.##......).##### #..##.#
[.#####..........#########..#.#
#..###...#######........))....#
#.......### ###########.÷####
####......# ##..... #####.#..#.#
#####..
#........#.################.....#
..#.....##.##ooO@...........#####
##............###############
#######.##..#######
§.........#.......[
####.......o#D..... #
#..###.oo...... #. ###..O.... .
....... .......


You could see a two-headed ogre and 2 orcs.

Vanquished Creatures
  A hydra (D:6)
  Maggie (D:7)
  A wraith (Ossuary)
  A wyvern (D:7)
  A steam dragon (D:7)
  Duvessa (D:7)
  An orc warrior (D:7)
  2 sky beasts
  2 black bears
  A necrophage (D:6)
  A centaur (D:6)
  2 ogres
  A phantom (D:5)
  2 bullfrogs (D:6)
  Blork the orc (D:5)
  2 scorpions
  A wyvern zombie (D:7)
  2 water moccasin skeletons
  Dowan (D:7)
  3 wights (D:7)
  6 killer bees (D:7)
  A crimson imp (D:5)
  A howler monkey (D:6)
  A jelly (D:6)
  4 hounds
  5 iguanas
  Terence (D:3)
  A bullfrog skeleton (D:6)
  7 orc wizards (D:7)
  3 mummies (Ossuary)
  Robin (D:3)
  5 adders
  2 white imps (D:6)
  An ufetubus (D:4)
  A worm (D:2)
  A dart slug (D:3)
  9 orcs
  7 ball pythons
  7 endoplasms
  4 giant cockroaches
  18 goblins
  11 hobgoblins
  11 jackals
  2 quokkas
  9 bats
  3 frilled lizards
  5 goblin zombies (Ossuary)
  5 hobgoblin zombies (Ossuary)
  A jackal skeleton (D:4)
  9 kobolds
  2 kobold zombies (Ossuary)
  An orc zombie (Ossuary)
  A quokka zombie (D:5)
  7 rats
  A rat zombie (D:5)
182 creatures vanquished.

Vanquished Creatures (others)
  An orc wizard (D:7)
1 creature vanquished.

Grand Total: 183 creatures vanquished

Notes
Turn   | Place    | Note
-------+----------+-------------------------------------------
     0 | D:1      | porpoise the Demonspawn Brigand began the quest for the
                  | Orb.
     0 | D:1      | Reached XP level 1. HP: 16/16 MP: 1/1
   158 | D:1      | Gained mutation: You are partially covered in large bone
                  | plates. (SH +4) [demonic ancestry]
   158 | D:1      | Reached XP level 2. HP: 18/23 MP: 2/2
  1244 | D:2      | Reached skill level 3 in Fighting
  1244 | D:2      | Reached XP level 3. HP: 22/29 MP: 3/3
  1464 | D:2      | Reached skill level 1 in Armour
  1633 | D:2      | Found a faded altar of an unknown god.
  1762 | D:2      | Reached XP level 4. HP: 27/35 MP: 4/4
  1850 | D:2      | Got Waohofeg's Papyrus of Excruciating Transmutation
  2407 | D:3      | Noticed Robin
  2678 | D:3      | Killed Robin
  2684 | D:3      | Reached skill level 4 in Fighting
  2762 | D:3      | Gained mutation: You regenerate magic rapidly. [demonic
                  | ancestry]
  2762 | D:3      | Reached XP level 5. HP: 42/42 MP: 5/5
  2792 | D:3      | Found a shadowy altar of Dithmenos.
  3245 | D:3      | Noticed Terence
  3245 | D:3      | You fall into a shaft and drop 3 floors!
  3261 | D:6      | Noticed a black bear
  3316 | D:6      | Killed a black bear
  3317 | D:6      | Gained mutation: You have large cloven feet. [demonic
                  | ancestry]
  3317 | D:6      | Reached XP level 6. HP: 43/49 MP: 6/6
  3485 | D:5      | Entered Level 5 of the Dungeon
  3496 | D:5      | Reached skill level 5 in Fighting
  3504 | D:5      | Noticed Blork the orc
  3506 | D:5      | Noticed a sky beast
  3519 | D:5      | Killed Blork the orc
  3532 | D:5      | Killed a sky beast
  3533 | D:5      | Reached XP level 7. HP: 24/56 MP: 7/7
  3768 | D:5      | Found a sand-covered staircase.
  3782 | Ossuary  | Entered an ossuary
  3782 | Ossuary  | Noticed a wraith
  3782 | Ossuary  | Noticed a wraith
  3782 | Ossuary  | Noticed a wraith
  4504 | Ossuary  | Noticed a wraith
  4518 | Ossuary  | Gained mutation: Armour fits poorly on your strangely
                  | shaped body. [potion of mutation]
  4518 | Ossuary  | Gained mutation: You passively map a small area around you.
                  | [potion of mutation]
  4518 | Ossuary  | Gained mutation: You occasionally shout uncontrollably at
                  | your foes. [potion of mutation]
  4571 | Ossuary  | Killed a wraith
  4572 | Ossuary  | Reached skill level 6 in Fighting
  5167 | D:5      | Found a staircase to the Ecumenical Temple.
  5183 | Temple   | Entered the Ecumenical Temple
  5300 | D:5      | Reached skill level 5 in Armour
  5443 | D:5      | Found a sacrificial altar of Ru.
  5780 | D:4      | Lost mutation: You occasionally shout uncontrollably at
                  | your foes. [potion of mutation]
  5780 | D:4      | Lost mutation: You passively map a small area around you.
                  | [potion of mutation]
  5780 | D:4      | Gained mutation: You are occasionally teleported next to
                  | monsters. [potion of mutation]
  5781 | D:4      | Lost mutation: You are occasionally teleported next to
                  | monsters. [potion of mutation]
  5781 | D:4      | Lost mutation: Armour fits poorly on your strangely shaped
                  | body. [potion of mutation]
  5781 | D:4      | Gained mutation: Your muscles are strong. (Str +2) [potion
                  | of mutation]
  5980 | D:3      | Killed Terence
  6448 | D:4      | Gained mutation: You are partially covered in sharp spines.
                  | [demonic ancestry]
  6448 | D:4      | Reached XP level 8. HP: 60/65 MP: 8/8
  6593 | D:4      | Reached skill level 7 in Fighting
  6926 | D:5      | Found a shimmering altar of Xom.
  7055 | D:5      | Found a burning altar of Makhleb.
  7173 | D:5      | Found a radiant altar of Vehumet.
  7378 | D:6      | Noticed a four-headed hydra
  7396 | D:6      | Killed a four-headed hydra
  7397 | D:6      | Reached skill level 8 in Fighting
  7800 | D:6      | Reached skill level 1 in Dodging
  7848 | D:6      | Reached XP level 9. HP: 75/75 MP: 9/9
  7943 | D:6      | Reached skill level 5 in Stealth
  8043 | D:6      | Found Reulo's Distillery.
  8168 | D:6      | Found an opulent altar of Gozag.
  8169 | D:6      | Found Gozag's Platinum Reserve.
  8826 | D:7      | Noticed Dowan
  8838 | D:7      | Killed Dowan
  8852 | D:7      | Noticed Duvessa
  8870 | D:7      | Killed Duvessa
  8871 | D:7      | Reached skill level 9 in Fighting
  8937 | D:7      | Reached skill level 1 in Evocations
  9170 | D:7      | Noticed Maggie
  9198 | D:7      | Killed Maggie
  9898 | D:7      | Reached skill level 5 in Dodging
  9912 | D:7      | Reached skill level 1 in Slings
 10201 | D:7      | Noticed a two-headed ogre
 10218 | D:7      | Reached XP level 10. HP: 68/83 MP: 10/10
 10225 | D:7      | HP: 3/83 [two-headed ogre (7)]
 10226 | D:7      | Slain by a two-headed ogre

Illustrated notes

Levels and vault maps discovered:
D:1:      dpeg_arrival_pits, layout_basic
D:2:      layout_loops_cross, hellmonk_ecumenical_altar_lost_god,
          chequers_serial_rivers_large_b
D:3:      layout_basic, nicolae_dithmenos_through_a_glass_darkly,
          grunt_ministairs_14, uniq_terence, uniq_robin
D:4:      layout_basic, elyvilon_altar_1
D:5:      layout_basic, hangedman_ru_absence, mainiacjoe_overflow_alcove_2,
          mainiacjoe_overflow_small_starburst, makhleb_grotto_becter,
          minmay_temple_entry_statues_fountains, enter_ossuary_4,
          uniq_blork_the_orc
D:6:      kennysheep_six_static_rooms, layout_loops_corners,
          nicolae_gozag_zags_fifth_avenue, serial_shops, shop, minivault_23
D:7:      layout_rooms, uniq_duvessa, uniq_maggie, uniq_pikel
Temple:   cyrus_temple_forest

Skill      XL: |  1  2  3  4  5  6  7  8  9 |
---------------+----------------------------+-----
Short Blades   | 2 4 |  4.0
Fighting       | 3 4 5 6 8 9 |  9.1
Armour         | 1 2 3 4 5 7 |  7.0
Stealth        | 4 5 |  5.0
Dodging        | 1 5 |  5.0
Evocations     | 3 |  3.0
Slings         | 1 |  1.4
Throwing       | |  1.7

Action                   |  1- 3 |  4- 6 |  7- 9 | 10-12 || total
-------------------------+-------+-------+-------+-------++-------
Melee: Dagger            |   128 |   188 |   380 |       ||   696
       Punch             |     2 |     1 |     5 |       ||     8
       Kick              |       |    18 |   129 |     2 ||   149
       Spear             |       |       |    27 |     3 ||    30
 Fire: Hunting sling     |       |    11 |    80 |       ||    91
Throw: Dart              |     3 |     4 |     8 |       ||    15
Evoke: Wand              |       |       |     2 |       ||     2
  Use: Scroll            |       |     5 |     7 |       ||    12
       Potion            |       |     1 |     9 |     2 ||    12
 Stab: Sleeping          |     7 |     6 |     4 |       ||    17
       Distracted        |     1 |       |       |       ||     1
Armor: Robe              |    17 |       |       |       ||    17
       Ring mail         |    32 |    82 |   116 |     4 ||   234
       Skin              |       |       |    35 |       ||    35
Dodge: Dodged            |    55 |    75 |   133 |     2 ||   265
Block: Other             |     9 |    27 |    85 |       ||   121
       Reflection        |       |       |     1 |       ||     1

Table legend: (Time is in decaauts)
 A = Elapsed time spent in this place.
 B = Non-inter-level travel time spent in this place.
 C = Inter-level travel time spent in this place.
 D = Time resting spent in this place.
 E = Time spent auto-exploring this place.
 F = Levels seen in this place.
 G = Mean time per level.
                   A        B        C        D        E       F      G
               +--------+--------+--------+--------+--------+-----+--------+
         Total |  10158 |   9764 |    394 |   3381 |   4175 |   9 | 1128.7 |
       Dungeon |   8850 |   8497 |    353 |   2704 |   4123 |   7 | 1264.3 |
        Temple |     98 |     57 |     41 |      0 |     52 |   1 |   98.0 |
       Ossuary |   1209 |   1209 |      0 |    676 |      0 |   1 | 1209.0 |
               +--------+--------+--------+--------+--------+-----+--------+

Top non-repeatable levels by time:
     D:6: 1736 daAuts
     D:5: 1440 daAuts
     D:7: 1408 daAuts
     D:2: 1302 daAuts
 Ossuary: 1209 daAuts
     D:1: 1097 daAuts
     D:3: 1070 daAuts
     D:4: 794 daAuts
  Temple: 98 daAuts
